 Dungeon Crawl Stone Soup version 0.29.1-1-gd02db6906a (webtiles) character file.

Game seed: 8047721457170376040

5379 AlexRAT the Cleaver (level 10, -21/93 HPs)
             Began as a Minotaur Berserker on Oct 19, 2022.
             Was an Elder of Trog.
             Killed by the air
             ... invoked by Gastronok
              (39 damage)
             ... on level 9 of the Dungeon.
             The game lasted 00:11:36 (7001 turns).

AlexRAT the Cleaver (Minotaur Berserker)            Turns: 7001, Time: 00:11:36

Health: -21/93     AC: 16    Str: 25    XL:     10   Next: 39%
Magic:  9/9        EV: 17    Int: 10    God:    Trog [****..]
Gold:   346        SH:  0    Dex: 23    Spells: 9/9 levels left

rFire   + . .      SeeInvis .   a - +6 executioner's axe (vamp)
rCold   . . .      Faith    .   (shield currently unavailable)
rNeg    . . .      Spirit   .   y - +1 scale mail of Theory {rF+ Int+6}
rPois   .          Reflect  .   (helmet restricted)
rElec   .          Harm     .   (no cloak)
rCorr   .          Rampage  ∞   g - +1 pair of gloves
Will    .....                   I - +3 pair of seven-league boots {Rampage+∞}
Stlth   +.........              (no amulet)
HPRegen 0.25/turn               e - +6 ring of dexterity
MPRegen 0.11/turn               k - +6 ring of dexterity

@: no status effects
A: horns 2, retaliatory headbutt
a: Renounce Religion, Berserk, Trog's Hand, Brothers in Arms


You were on level 9 of the Dungeon.
You worshipped Trog.
Trog was greatly pleased with you.
You visited 1 branch of the dungeon, and saw 9 of its levels.

You collected 346 gold pieces.

Inventory:

Hand Weapons
 a - a +6 vampiric executioner's axe (weapon)
 b - a +0 arbalest of freezing
 C - the +11 whip "Keir" {freeze, Int+3 Stlth+}
   (You found it on level 7 of the Dungeon)

   It freezes those it strikes, dealing additional cold damage.
   It can also slow down cold-blooded creatures.
   Int:       It affects your intelligence (+3).
   Stlth:     It makes you more stealthy.
Armour
 d - a +0 chain mail
 g - a +1 pair of gloves (worn)
 q - a +0 animal skin
 y - the +1 scale mail of Theory (worn) {rF+ Int+6}
   (You found it on level 4 of the Dungeon)

   Int:       It affects your intelligence (+6).
   rF:        It protects you from fire.
 I - the +3 pair of seven-league boots (worn) {Rampage+∞}
   (You acquired it on level 8 of the Dungeon)

   Its wearer moves as far as possible in that direction when moving towards
   enemies.
Jewellery
 e - a +6 ring of dexterity (left hand)
 k - a +6 ring of dexterity (right hand)
 u - a +6 ring of dexterity
 D - a ring of see invisible
Wands
 m - a wand of flame (31)
Scrolls
 f - a scroll of brand weapon
 j - 3 scrolls of fear
 l - a scroll of fog
 p - a scroll of silence
 t - a scroll of magic mapping
 w - 2 scrolls of teleportation
 x - 3 scrolls of amnesia
 z - 2 scrolls of immolation
 E - 3 scrolls of torment {unknown}
 F - 2 scrolls of vulnerability {unknown}
 H - a scroll of enchant armour {unknown}
 J - a scroll of blinking {unknown}
Potions
 h - a potion of berserk rage {unknown}
 i - 2 potions of mutation {unknown}
 n - a potion of resistance {unknown}
 o - a potion of invisibility {unknown}
 r - 3 potions of cancellation {unknown}
 s - 6 potions of degeneration {unknown}
 v - 2 potions of flight {unknown}
 A - 2 potions of haste {unknown}
 B - 5 potions of curing {unknown}
 G - a potion of attraction {unknown}


   Skills:
 + Level 10.0 Fighting
 + Level 10.0 Axes
 + Level 9.6 Armour
 + Level 8.8 Dodging


You had 9 spell levels left.
You didn't know any spells.
Your spell library was empty.

Dungeon Overview and Level Annotations

Branches:
Dungeon (9/15)             Temple (0/1) D:4            Lair (0/5) D:9
    Orc: D:9-12

Altars:
Ashenzari
Dithmenos
Fedhas
Gozag
Hepliaklqana
Makhleb
Nemelex Xobeh
Sif Muna
Wu Jian

Annotations:
D:9 Gastronok


Innate Abilities, Weirdness & Mutations

You have a pair of horns on your head.
You reflexively headbutt those who attack you in melee.


Message History

Your +0 arbalest of freezing stops glowing.
You feel a sense of dread.
a - a +6 vampiric executioner's axe (weapon)
You stride towards Gastronok!
You slash Gastronok!
Gastronok is moderately wounded.
Gastronok gurgles, "A snack!
A snack!"
Gastronok chants a spell, wobbling all the while.
Gastronok puts on a burst of speed!
You completely miss Gastronok.
Gastronok is lightly wounded.
You slash Gastronok! Your headbutt misses Gastronok.
Gastronok is moderately wounded.
Gastronok bites you.
You slash Gastronok! You headbutt Gastronok!
Gastronok is moderately wounded.
Gastronok waves his eye-stalks in wide circles.
The air twists around and strikes you!
You slash Gastronok!
You feel better.
Gastronok is heavily wounded.
You slice Gastronok!! You headbutt Gastronok.
Gastronok is severely wounded.
Gastronok waves his eye-stalks in wide circles.
The air twists around and strikes you!!
You are too injured to fight recklessly!
You are too injured to fight recklessly!
You slash Gastronok!
You feel better.
Gastronok is severely wounded.
Gastronok bites you!!
You slice Gastronok!!
You feel better.
Gastronok is almost dead.
Gastronok waves his eye-stalks in wide circles.
The air twists around and strikes you!!
* * * LOW HITPOINT WARNING * * *
You slash Gastronok!
Gastronok is almost dead.
You slash Gastronok!
Gastronok is almost dead.
Gastronok waves his eye-stalks in wide circles.
The air twists around and strikes you!!!
You die...

**,**,,,*#.*#<..* #..#,,,,,,,*
**,,*,,,*..##...######..#,**,**,*
*,*,,,~,,.#.#...........#,*,*,*,*
,,,,,***,...............+,,*8*,,+
,,,,,,,,,............####,*,*,*,*
,,,,*****.#....).....# *,**,**,*
***** *............# *,,,,,,,* *
**#..........# ****+**** *
#.....@....# *,,,,* *
****#.....w....# *,,,** *
*,,............# *,,,*****
*******,,.>..........#***,,,,,,,,
,,,,,,,,,.>............,,,,,,,,,,
,,,,,,,,,...............,,,,,,,,,
,,*,~~~~~~~.#.####....##******,,,
,,*,~****#~.#.* *....# *,,,
,,*,~*,,,*~,,,* *,,,,* *,,,


You could see Gastronok (swift).

Vanquished Creatures
  A hydra (D:8)
  A hornet (D:7)
  2 dream sheep (D:8)
  5 yaks (D:8)
  A steam dragon (D:7)
  2 water moccasins
  3 orc warriors
  4 sky beasts
  A black bear (D:5)
  2 ogres
  3 centaurs
  A phantom (D:4)
  4 kobold brigands
  5 bullfrogs
  2 necrophages (D:5)
  A scorpion (D:6)
  6 wights (D:6)
  A howler monkey (D:6)
  6 hounds
  2 jellies
  3 orc priests
  2 gnoll boudas
  5 iguanas
  4 orc wizards
  Robin (D:3)
  3 adders
  9 gnolls
  A worm (D:2)
  5 dart slugs
  23 orcs
  5 endoplasms
  2 giant cockroaches
  10 goblins
  8 hobgoblins
  4 quokkas
  7 ball pythons
  A bat (D:2)
  3 frilled lizards
  11 kobolds
  8 rats
168 creatures vanquished.

Vanquished Creatures (others)
  2 fungi (D:4)
  3 plants
5 creatures vanquished.

Grand Total: 173 creatures vanquished

Notes
Turn   | Place    | Note
-------+----------+-------------------------------------------
     0 | D:1      | AlexRAT the Minotaur Berserker began the quest for the Orb.
     0 | D:1      | Reached XP level 1. HP: 19/19 MP: 0/0
   468 | D:1      | Reached XP level 2. HP: 24/27 MP: 1/1
   513 | D:1      | Found a faded altar of an unknown god.
   870 | D:2      | Reached XP level 3. HP: 33/33 MP: 2/2
   919 | D:2      | Reached ** piety under Trog
  1429 | D:3      | Noticed Robin
  1436 | D:3      | Killed Robin
  1437 | D:3      | Reached XP level 4. HP: 28/41 MP: 3/3
  1813 | D:3      | Found a shimmering blue altar of Sif Muna.
  2162 | D:3      | Reached XP level 5. HP: 47/47 MP: 4/4
  2348 | D:4      | Found a burning altar of Makhleb.
  2348 | D:4      | Noticed a sky beast
  2353 | D:4      | Killed a sky beast
  2354 | D:4      | Reached skill level 5 in Fighting
  2354 | D:4      | Reached skill level 5 in Axes
  2357 | D:4      | Reached XP level 6. HP: 56/56 MP: 5/5
  2359 | D:4      | Identified the +1 scale mail of Theory {rF+ Int+6}
  2478 | D:4      | Found a blossoming altar of Fedhas.
  2687 | D:4      | Found a staircase to the Ecumenical Temple.
  2783 | D:4      | Reached *** piety under Trog
  2837 | D:4      | Found a hazy altar of Hepliaklqana.
  3045 | D:5      | Entered Level 5 of the Dungeon
  3045 | D:5      | Found a broken altar of Ashenzari.
  3049 | D:5      | Reached skill level 5 in Armour
  3049 | D:5      | Reached XP level 7. HP: 62/62 MP: 6/6
  3496 | D:5      | Reached skill level 5 in Dodging
  3738 | D:5      | Reached XP level 8. HP: 47/71 MP: 7/7
  4204 | D:6      | Found an ornate altar of the Wu Jian Council.
  4263 | D:6      | Reached **** piety under Trog
  4304 | D:6      | Reached XP level 9. HP: 79/81 MP: 8/8
  4657 | D:6      | Found a sparkling altar of Nemelex Xobeh.
  5119 | D:7      | Identified the +11 whip "Keir" {freeze, Int+3 Stlth+}
  5211 | D:7      | Found an opulent altar of Gozag.
  5632 | D:7      | Identified the +0 robe of the Great Game {Int+4}
  5882 | D:8      | Found a shadowy altar of Dithmenos.
  6069 | D:8      | Noticed a two-headed hydra
  6076 | D:8      | Killed a two-headed hydra
  6077 | D:8      | Reached XP level 10. HP: 91/91 MP: 9/9
  6396 | D:8      | Reached skill level 10 in Axes
  6411 | D:8      | Reached skill level 10 in Fighting
  6959 | D:8      | Identified 2 scrolls of acquirement
  6960 | D:8      | Acquired the +3 pair of seven-league boots {Rampage+∞}
  6960 | D:8      | Found the +3 pair of seven-league boots {Rampage+∞}
  6966 | D:8      | Acquired a +4 vorpal executioner's axe
  6986 | D:9      | Noticed Gastronok
  7001 | D:9      | Killed from afar by Gastronok

Illustrated notes

Levels and vault maps discovered:
D:1:      minmay_arrival_three_doors, layout_basic,
          hellmonk_ecumenical_altar_zigzags, minmay_misc_feat_ornament,
          minmay_ruptured
D:2:      layout_basic, minmay_vboxes
D:3:      layout_basic, mainiacjoe_overflow_boulevard,
          kennysheep_generic_room_16, uniq_robin
D:4:      layout_loops_ring, fedhas_altar_3, bloody_makhleb,
          lemuel_crystal_altar, lemuel_temple_firewalk_a
D:5:      layout_cave_pods, mainiacjoe_overflow_alcove_1
D:6:      layout_cave_pools, nicolae_wu_jian_wuxing_cycle,
          nemelex_diamond_rough_becter, minmay_misc_feat_encased,
          corexii_hall_statues_deadend, minmay_unpleasant_kobolds
D:7:      layout_basic, kennysheep_mini_moat, minivault_27
D:8:      layout_loops_cross, grunt_dithmenos_smoke, hangedman_ranch
D:9:      layout_small_grid, general_overflow_altar, dpeg_oklobed_lair,
          enter_bailey_3, kennysheep_generic_room_9, uniq_gastronok,
          uniq_harold, uniq_psyche

Skill      XL: |  1  2  3  4  5  6  7  8  9 10 |
---------------+-------------------------------+-----
Axes           | 4 5 6 8 9 10 | 10.0
Fighting       | 4 5 6 7 9 10 | 10.0
Armour         | 3 4 5 6 7 9 |  9.6
Dodging        | 3 4 5 6 8 |  8.8

Action                   |  1- 3 |  4- 6 |  7- 9 | 10-12 || total
-------------------------+-------+-------+-------+-------++-------
Melee: Hand axe          |    65 |    21 |    36 |       ||   122
       Headbutt          |    10 |     4 |    25 |    12 ||    51
       Punch             |     1 |       |     1 |       ||     2
       War axe           |       |       |    37 |       ||    37
       Whip              |       |       |    34 |    41 ||    75
       Executioner's axe |       |       |       |    10 ||    10
 Fire: Arbalest          |    11 |    57 |    98 |    13 ||   179
Invok: Berserk           |     1 |     1 |     3 |       ||     5
       Trog's Hand       |       |       |     1 |       ||     1
  Use: Scroll            |       |       |     9 |     8 ||    17
Armor: Chain mail        |    40 |    10 |       |       ||    50
       Scale mail        |       |     8 |    61 |    12 ||    81
Dodge: Dodged            |    29 |    35 |   133 |    22 ||   219
